 Dungeon Crawl Stone Soup version 0.30-a0-1163-gf69bf04e7a (webtiles) character file.

Game seed: 8315741035683612493

1 jtron the Ogre Mage (level 1, 0/19 HPs)
             Began as an Ogre Wanderer on Apr 29, 2023.
             Slain by a goblin
             ... wielding a +0 club
              (4 damage)
             ... on level 1 of the Dungeon.
             The game lasted 00:00:57 (65 turns).

jtron the Ogre Mage (Ogre Wanderer)                   Turns: 65, Time: 00:00:57

Health: 0/19       AC:  3    Str: 15    XL:     1   Next: 20%
Magic:  6/6        EV:  7    Int: 14    God:
Gold:   5          SH:  6    Dex:  7    Spells: 8/9 levels left

rFire   . . .        a - +0 club
rCold   . . .        d - +0 kite shield
rNeg    . . .        c - +0 robe
rPois   .            (helmet restricted)
rElec   .            (no cloak)
rCorr   .            (gloves unavailable)
SInv    .            (boots unavailable)
Will    .....        (no amulet)
Stlth   +            (no ring)
HPRegen 0.23/turn    (no ring)
MPRegen 0.10/turn

%: no passive effects
@: no status effects
A: large, unfitting armour, tough skin 1
a: no special abilities


You were on level 1 of the Dungeon.
You visited 1 branch of the dungeon, and saw 1 of its levels.

You collected 5 gold pieces.

Inventory:

Hand Weapons
 a - a +0 club (weapon)
Armour
 c - a +0 robe (worn)
 d - a +0 kite shield (worn)


   Skills:
 + Level 1.3 Fighting
 + Level 1.0 Throwing
 + Level 2.0 Shields
 + Level 4.9 Spellcasting
 + Level 1.7 Air Magic


You had 8 spell levels left.
You knew the following spells:

 Your Spells              Type           Power      Damage    Failure   Level
a - Shock                 Conj/Air       20%        1d4       38%         1

Your spell library contained the following spells:

 Spells                   Type           Power      Damage    Failure   Level
 Summon Small Mammal      Summ           12%        N/A       52%         1
 Swiftness                Air            8%         N/A       63%         3
 Summon Guardian Golem    Hex/Summ       3%         N/A       87%         3
 Summon Lightning Spire   Summ/Air       5%         N/A       99%         4


Dungeon Overview and Level Annotations

Branches:
Dungeon (1/15)

Altars:


Innate Abilities, Weirdness & Mutations

You are too large for most types of armour.
You have tough skin. (AC +1)


Message History

The jackal is heavily wounded.
The jackal bites you but does no damage. x2
Casting: Shock (safe; 38% risk of failure)
Confirm with . or Enter, or press ? or * to list all spells.
Aiming: Shock (safe; 38% risk of failure)
Press: ? - help, Shift-Dir - straight line, f - jackal
Aim: a jackal (heavily wounded, 55% to hit)
The zap hits the jackal.
The jackal is severely wounded.
The zap hits the kobold.
The kobold is moderately wounded.
The jackal bites you.
* * * LOW HITPOINT WARNING * * *
The jackal bites you.
* * * LOW HITPOINT WARNING * * *
You hit the jackal but do no damage.
The jackal is severely wounded.
The jackal completely misses you.
The jackal bites you but does no damage.
You aren't carrying any potions.
Blink to where?
Press: ? - help, Dir - move target, p - jackal
As you read the scroll of blinking, it crumbles to dust.
Found 5 gold pieces.
You see here 5 gold pieces.
You now have 5 gold pieces.
A goblin comes into view. It is wielding a +0 club.
The goblin shouts!
The jackal attacks as you move away! The jackal bites you.
You block the goblin's attack.
You closely miss the goblin.
The jackal bites you but does no damage.
The goblin hits you with a +0 club. The jackal bites you.
* * * LOW HITPOINT WARNING * * *
You hit the jackal.
You kill the jackal!
The goblin hits you with a +0 club.
* * * LOW HITPOINT WARNING * * *
The goblin hits you with a +0 club.
You die...

......
###...##
...##.
##...#
#...# #...#
##..##
#...# #...#
########..#
......g@.##
##########


You could see a goblin.

Vanquished Creatures
  A hobgoblin (D:1)
  A jackal (D:1)
2 creatures vanquished.

Notes
Turn   | Place    | Note
-------+----------+-------------------------------------------
     0 | D:1      | jtron the Ogre Wanderer began the quest for the Orb.
     0 | D:1      | jtron set off with the following items: a +0 club, a scroll
                  | of blinking, a +0 robe, a +0 kite shield; and the following
                  | spells available to memorise: Shock, Summon Small Mammal,
                  | Swiftness, Summon Guardian Golem, Summon Lightning Spire.
     0 | D:1      | Reached XP level 1. HP: 19/19 MP: 6/6
     2 | D:1      | Learned a level 1 spell: Shock
    65 | D:1      | Slain by a goblin

Illustrated notes

Levels and vault maps discovered:
D:1:      lemuel_arrival_lava_pool, layout_rooms, serial_curves, eino_curves_01,
          eino_curves_04, shapermc_ecumenical_altar_notcrosses,
          interstate_on_off, nicolae_titane

Action                     || total
---------------------------++-------
  Melee: Club              ||    13
   Cast: Shock             ||     1
    Use: Scroll            ||     1
 Armour: Robe              ||     5
  Dodge: Dodged            ||     4
  Block: Kite shield       ||     5

Table legend: (Time is in decaauts)
 A = Elapsed time spent in this place.
 B = Non-inter-level travel time spent in this place.
 C = Inter-level travel time spent in this place.
 D = Time resting spent in this place.
 E = Time spent auto-exploring this place.
 F = Levels seen in this place.
 G = Mean time per level.
                   A        B        C        D        E       F      G
               +--------+--------+--------+--------+--------+-----+--------+
         Total |     70 |     70 |      0 |      0 |     22 |   1 |   70.0 |
       Dungeon |     70 |     70 |      0 |      0 |     22 |   1 |   70.0 |
               +--------+--------+--------+--------+--------+-----+--------+

Top non-repeatable levels by time:
     D:1: 70 daAuts
